Map: 国王藏宝地-天梯版

Players

StriKE

  • Race: Terran Terran
  • League: Grandmaster

SouLeer - Winner!

  • Race: Zerg Zerg
  • League: Master

Event: WESG 2018 Grand Finals

VOD

Have the link to the VOD?

Description

Time

  • Played on: March 11, 2019, 6:53 a.m.
  • Length: 4:30

All games in this series

Show
View Real Time Build Order
Export as new Build Order

StriKE Terran 

Build Orders: Reaper Expand 

Get SALT Encoding   

  12  0:00  SCV  
  13  0:13  SCV  
  14  0:18  Supply Depot  
  14  0:25  SCV  
  15  0:39  SCV  
  15  0:40  Barracks  
  16  0:45  Refinery  
  16  0:51  SCV  
  17  1:03  SCV  
  18  1:16  SCV  
  19  1:28  Reaper, Orbital Command  
  20  1:42  Command Center  
  20  1:54  SCV  
  20  1:57  Barracks  
  21  2:03  Barracks Reactor  
  21  2:06  SCV  
  22  2:12  Supply Depot  
  22  2:18  Refinery, SCV  
  22  2:32  SCV  
  22  2:33  Factory  
  23  2:39  Marine x2  
  25  2:45  Barracks Tech Lab  
  25  2:47  Command Center  
  25  3:05  Marine x2  
  25  3:06  Marine  
  25  3:10  SCV  
  29  3:20  Starport  
  29  3:25  Marine x2  
  31  3:30  Supply Depot  
  31  3:32  Factory Reactor  
  31  3:51  Marine x2  
  31  3:52  Marine, SCV  
  31  4:12  SCV x2  
Show
View Real Time Build Order
Export as new Build Order

SouLeer Zerg - Winner!

Build Orders: Pool First 

Get SALT Encoding   

  12  0:00  Drone  
  13  0:12  Overlord  
  13  0:17  Drone  
  14  0:30  Drone x2  
  16  0:41  Spawning Pool  
  15  0:45  Drone  
  15  0:49  Drone  
  17  1:02  Extractor  
  16  1:13  Hatchery  
  16  1:16  Drone  
  16  1:28  Zergling x6  
  19  1:39  Queen  
  21  1:48  Overlord  
  21  2:01  Roach Warren  
  20  2:05  Drone  
  21  2:11  Drone  
  21  2:14  Drone  
  23  2:23  Overlord  
  23  2:41  Roach x3  
  29  2:47  Roach  
  31  2:52  Roach  
  31  2:56  Drone  
  33  2:59  Drone  
  33  3:02  Ravager  
  33  3:04  Drone  
  36  3:10  Drone  
  36  3:13  Ravager  
  36  3:17  Overlord  
  36  3:20  Drone  
  36  3:24  Drone  
  36  3:26  Drone  
  39  3:29  Drone  
  40  3:38  Ravager  
  40  3:39  Overlord  
  40  3:40  Drone  
  42  3:45  Drone x2  
  42  3:48  Drone  
  45  3:50  Drone  
  46  4:00  Drone x2  
  48  4:09  Drone x3  
Tags
 
Add a new tag
Caveats
  • Supply blocks, unpowered buildings, or Contaminate may cause inaccurate times.
  • Supply counts are checked every 10 seconds.